Map: Ruins of Endion

Players

Kelazhur - Winner!

  • Race: Terran Terran
  • League: Master

JimRising

  • Race: Zerg Zerg
  • League: Grandmaster

Event: Team Gravity's Fight Night #40

VOD

Have the link to the VOD?

Description

Time

  • Played on: April 10, 2016, 6:49 p.m.
  • Length: 5:13

All games in this series

Show
View Real Time Build Order
Export as new Build Order

Kelazhur Terran - Winner!

Build Orders: Reaper Expand 

Get SALT Encoding   

  12  0:01  SCV  
  13  0:13  SCV  
  14  0:18  Supply Depot  
  14  0:26  SCV  
  15  0:39  SCV  
  15  0:41  Barracks  
  16  0:44  Refinery  
  16  0:52  SCV  
  17  1:04  SCV  
  18  1:16  SCV  
  19  1:28  Orbital Command, Reaper  
  20  1:39  Command Center  
  20  1:46  Supply Depot  
  20  1:55  SCV  
  20  2:00  Refinery  
  22  2:03  Barracks Reactor  
  22  2:07  SCV  
  22  2:19  SCV  
  23  2:24  Factory  
  23  2:31  SCV  
  24  2:41  Marine x2  
  24  2:43  SCV  
  27  2:53  Orbital Command  
  27  2:55  SCV  
  28  2:59  Marine  
  28  3:00  Marine  
  30  3:07  SCV  
  31  3:13  Factory Tech Lab, Starport  
  31  3:18  SCV  
  33  3:20  SCV, Marine x2  
  35  3:31  SCV, Siege Tank  
  39  3:35  SCV  
  39  3:38  Supply Depot, Marine x2  
  41  3:43  SCV  
  41  3:47  SCV  
  43  3:50  Medivac  
  43  3:55  SCV  
  46  3:58  Supply Depot  
  46  3:59  SCV, Marine x2  
  49  4:03  Supply Depot  
  49  4:05  Siege Tank  
  49  4:07  SCV  
  53  4:11  SCV  
  53  4:15  Engineering Bay  
  54  4:20  SCV  
  54  4:24  SCV  
  56  4:27  Supply Depot  
  56  4:28  Supply Depot  
  56  4:32  SCV  
  56  4:36  SCV  
  58  4:43  Engineering Bay  
  58  4:46  Marine  
  58  4:48  Engineering Bay  
Show
View Real Time Build Order
Export as new Build Order

JimRising Zerg 

Build Orders: Hatch First, Roach Nydus 

Get SALT Encoding   

  12  0:01  Drone  
  13  0:12  Overlord  
  13  0:17  Drone  
  14  0:33  Drone x2  
  16  0:38  Drone  
  17  0:54  Hatchery  
  17  0:56  Drone  
  17  1:00  Drone  
  18  1:12  Spawning Pool  
  18  1:18  Extractor, Drone  
  17  1:20  Drone  
  18  1:29  Drone  
  19  1:44  Overlord  
  19  1:59  Zergling x2, Queen  
  22  2:03  Zergling x2  
  22  2:06  Queen  
  22  2:08  Drone  
  26  2:12  Drone  
  27  2:18  Drone  
  27  2:22  Drone  
  29  2:28  Drone  
  30  2:34  Extractor  
  30  2:35  Drone  
  30  2:42  Queen, Drone  
  33  2:52  Overlord, Lair  
  33  2:54  Drone x2  
  35  3:05  Drone  
  36  3:08  Overlord  
  36  3:09  Extractor, Drone  
  36  3:11  Drone x3  
  39  3:19  Extractor, Drone  
  40  3:20  Drone x2  
  41  3:33  Drone  
  41  3:34  Queen, Roach Warren  
  43  3:55  Zergling x2, Nydus Network  
  44  4:00  Overlord x2  
  44  4:01  Overlord  
  43  4:19  Overlord  
  43  4:20  Roach x5  
  43  4:21  Roach  
  55  4:35  Nydus Canal  
  55  4:38  Roach x4  
  63  4:44  Roach  
  65  4:49  Nydus Canal  

Tags
 
Add a new tag
Caveats
  • Supply blocks, unpowered buildings, or Contaminate may cause inaccurate times.
  • Supply counts are checked every 10 seconds.